 Dungeon Crawl Stone Soup version 0.23.2-40-g277498a (webtiles) character file.

Game seed: 10584483229630660705

723 Fang the Skirmisher (level 7, 0/44 HPs)
             Began as a Gargoyle Berserker on Sept 6, 2019.
             Was a Believer of Trog.
             Slain by a centaur (3 damage)
             ... on level 5 of the Dungeon.
             The game lasted 00:02:41 (2879 turns).

Fang the Skirmisher (Gargoyle Berserker)            Turns: 2879, Time: 00:02:41

Health: 0/44       AC: 11    Str: 22    XL:     7   Next: 71%
Magic:  7/7        EV: 13    Int:  8    God:    Trog [**....]
Gold:   159        SH:  0    Dex:  9    Spells: 6/6 levels left

rFire    . . .     SeeInvis .   a - +0 hand axe
rCold    . . .     Gourm    .   (no shield)
rNeg     + . .     Faith    .   b - +1 animal skin
rPois    ∞         Spirit   .   (no helmet)
rElec    +         Reflect  .   (no cloak)
rCorr    .         Harm     .   g - +2 pair of gloves
MR       .....     Rnd*Tele +   (no boots)
Stlth    +.........             (no amulet)
HPRegen  0.14/turn              m - ring of teleportation (curse)
MPRegen  0.10/turn              (no ring)

@: berserk cooldown, slowed, very slow
A: negative energy resistance 1, electricity resistance, unbreathing,
petrification resistance, rot immunity, AC +4
a: Berserk, Trog's Hand, Renounce Religion


You were on level 5 of the Dungeon.
You worshipped Trog.
Trog was pleased with you.
You were near starving.

You visited 1 branch of the dungeon, and saw 5 of its levels.

You collected 159 gold pieces.

Inventory:

Hand Weapons
 a - a +0 hand axe (weapon)
Armour
 b - a +1 animal skin (worn)
 g - a +2 pair of gloves (worn)
Jewellery
 m - a cursed ring of teleportation (left hand)
Scrolls
 d - 3 scrolls of teleportation
 e - 2 scrolls of remove curse {unknown}
 f - a scroll of enchant armour
 h - a scroll of fear
 i - 3 scrolls of identify
 l - 2 scrolls of magic mapping
 o - a scroll of vulnerability {unknown}
 p - a scroll of fog {unknown}
Potions
 j - a potion of mutation {unknown}
 k - a potion of ambrosia
 n - a potion of brilliance {unknown}
 q - a potion of curing {unknown}
Comestibles
 c - 4 rations


   Skills:
 + Level 5.5 Fighting
 + Level 4.6 Axes
 + Level 4.9 Armour
 + Level 3.7 Dodging


You had 6 spell levels left.
You didn't know any spells.
Your spell library was empty.

Dungeon Overview and Level Annotations

Branches:
Dungeon (6/15)             Temple (0/1) D:6

Altars:
Makhleb
Okawaru


Innate Abilities, Weirdness & Mutations

You are resistant to torment.
Your stone body is resilient. (AC +4)
You are immune to poison.
You resist negative energy. (rN+)
You are resistant to electric shocks. (rElec)
You can survive without breathing.
You are immune to petrification.
You are immune to rotting.


Message History

The centaur hits you.
* * * LOW HITPOINT WARNING * * *
The centaur zombie hits you but does no damage.
You hit the centaur.
The centaur is lightly wounded.
You hit the centaur zombie.
The centaur hits you but does no damage.
The centaur zombie closely misses you.
The centaur hits you but does no damage.
The centaur barely misses you. The centaur zombie barely misses you.
You closely miss the centaur.
The centaur is lightly wounded.
You hit the centaur zombie.
The centaur hits you but does no damage.
The centaur zombie closely misses you. The centaur barely misses you.
The centaur zombie misses you.
You hit the centaur.
The centaur is moderately wounded.
You hit the centaur zombie. The centaur hits you.
You die...

.... .. ...
##+# ...
##..##..##...
.#........#.(
...........#
...........#
#.....Z..#
#.....@..#
#......c...#
#...........#
##........#.(.#
##..##..## #.#
### #..# # ##.#
.#


You could see a centaur and a centaur zombie.

Vanquished Creatures
  Grinder (D:6)
  A black bear (D:6)
  A bullfrog (D:6)
  A howler monkey (D:6)
  A bullfrog zombie (D:6)
  A hound (D:3)
  3 jellies (D:6)
  An iguana (D:6)
  A hound skeleton (D:6)
  A howler monkey skeleton (D:6)
  3 gnolls (D:3)
  An adder (D:2)
  A shadow imp (D:6)
  7 oozes
  4 worms
  2 dart slugs (D:2)
  A leopard gecko (D:2)
  An orc (D:2)
  A ball python (D:3)
  A giant cockroach (D:1)
  4 goblins
  6 hobgoblins
  4 jackals (D:2)
  A quokka (D:3)
  7 bats
  3 frilled lizards (D:1)
  3 kobolds
  3 rats
65 creatures vanquished.

Vanquished Creatures (others)
  8 fungi (D:6)
8 creatures vanquished.

Grand Total: 73 creatures vanquished

Notes
Turn   | Place    | Note
-------+----------+-------------------------------------------
     0 | D:1      | Fang the Gargoyle Berserker began the quest for the Orb.
     0 | D:1      | Reached XP level 1. HP: 14/14 MP: 1/1
   294 | D:1      | Found an iron altar of Okawaru.
   328 | D:1      | Reached XP level 2. HP: 19/19 MP: 2/2
   973 | D:2      | Reached XP level 3. HP: 11/23 MP: 3/3
  1335 | D:2      | Reached ** piety under Trog
  1736 | D:3      | Reached XP level 4. HP: 24/29 MP: 4/4
  1754 | D:3      | Reached skill level 4 in Fighting
  1772 | D:3      | Reached XP level 5. HP: 16/33 MP: 5/5
  1957 | D:3      | Found a burning altar of Makhleb.
  2062 | D:3      | You fall through a shaft for 3 floors!
  2073 | D:6      | Noticed a black bear
  2079 | D:6      | Killed a black bear
  2079 | D:6      | Reached XP level 6. HP: 39/39 MP: 6/6
  2263 | D:6      | Noticed Grinder
  2264 | D:6      | Found a staircase to the Ecumenical Temple.
  2270 | D:6      | Paralysed by Grinder for 5 turns
  2286 | D:6      | Killed Grinder
  2286 | D:6      | Reached skill level 5 in Fighting
  2286 | D:6      | Reached XP level 7. HP: 23/44 MP: 7/7
  2874 | D:5      | Entered Level 5 of the Dungeon
  2876 | D:5      | HP: 2/44 [centaur (6)]
  2879 | D:5      | Slain by a centaur

Skill      XL: |  1  2  3  4  5  6 |
---------------+-------------------+-----
Axes           | 3 4 |  4.6
Dodging        | 2 3 |  3.7
Armour         | 3 4 |  4.9
Fighting       | 4 5 |  5.5

Action                   |  1- 3 |  4- 6 |  7- 9 || total
-------------------------+-------+-------+-------++-------
Melee: Hand axe          |   115 |    84 |    63 ||   262
Invok: Berserk           |       |     3 |     2 ||     5
  Use: Scroll            |     7 |       |       ||     7
  Eat: Chunk             |     3 |     4 |     3 ||    10
Armor: Animal skin       |    71 |    52 |    18 ||   141
Dodge: Dodged            |    82 |    80 |    40 ||   202
